[Event "World Junior U20 Open 2018"]
[Site "Gebze"]
[Date "2018.09.08"]
[Round "5.14"]
[White "Janik, Igor"]
[Black "Lomasov, Semyon"]
[Result "1-0"]
[ECO "E11"]
[WhiteElo "2447"]
[BlackElo "2545"]
[Annotator "ChessBase"]
[PlyCount "111"]
[EventDate "2018.09.05"]
[EventType "swiss"]
[EventCountry "TUR"]
[SourceTitle "playchess.com"]
[Source "ChessBase"]
[SourceQuality "1"]
[TimeControl "40/5400+30:1800+30"]

1. d4 Nf6 2. c4 e6 3. g3 Bb4+ 4. Bd2 a5 5. Bg2 d5 6. a3 Bxd2+ 7. Nxd2 O-O 8. Ngf3 Nbd7 9. Rc1 c6 10. O-O b6 11. Qc2 Ba6 12. Rfe1 Rc8 13. e4 dxe4 14. Nxe4 Nxe4 15. Rxe4 Nf6 16. Rh4 c5 17. dxc5 bxc5 18. Ne5 h6 19. Qc3 a4 20. Bc6 Qc7 21. Re1 Bb7 22. Bxa4 Rfd8 23. Bc2 Qd6 24. Bd3 Rc7 25. Re3 Nh7 26. Qc2 f5 27. f3 Ng5 28. Qc3 Rcc8 29. Kf2 Qc7 30. Be2 Rd6 31. b4 Rcd8 32. Nd3 Rd4 33. Kg2 cxb4 34. axb4 e5 35. Nxe5 Rxh4 36. gxh4 f4 37. Rd3 Re8 38. hxg5 Rxe5 39. Rd8+ Kf7 40. Rd7+ Qxd7 41. Qxe5 Qg4+ 42. Kf2 Qh4+ 43. Kf1 Qxh2 44. Qc7+ Kg6 45. Qxb7 Qh1+ 46. Kf2 Qh2+ 47. Ke1 Qg1+ 48. Kd2 Qe3+ 49. Kd1 Qb3+ 50. Ke1 Qc3+ 51. Kf1 Kxg5 52. Qe7+ Kh5 53. b5 g5 54. Qe6 Qc1+ 55. Kg2 Qc2 56. b6 1-0

[Event "World Junior U20 Open 2018"]
[Site "Gebze"]
[Date "2018.09.08"]
[Round "5.20"]
[White "Nikitenko, Mihail"]
[Black "Sunilduth Lyna, Narayanan"]
[Result "0-1"]
[ECO "C85"]
[WhiteElo "2368"]
[BlackElo "2573"]
[Annotator "RC"]
[PlyCount "76"]
[EventDate "2018.09.05"]
[EventType "swiss"]
[EventCountry "TUR"]
[SourceTitle "playchess.com"]
[Source "ChessBase"]
[SourceQuality "1"]
[TimeControl "40/5400+30:1800+30"]

1. e4 e5 2. Nf3 Nc6 3. Bb5 a6 4. Ba4 Nf6 5. O-O Be7 6. Bxc6 dxc6 7. d3 Nd7 8. Nbd2 O-O 9. Nc4 f6 10. Nh4 g6 11. g3 Nb6 12. Nxb6 cxb6 13. Ng2 Be6 14. b3 a5 15. Bb2 a4 16. Kh1 b5 17. Rb1 Bc5 18. f4 Bd4 19. c3 Bb6 20. c4 axb3 21. axb3 Qd6 22. f5 gxf5 23. exf5 Bf7 24. Qg4+ Kh8 25. Ne1 Rg8 26. Qh4 h5 27. Qe4 Rg4 28. Qe2 Rd8 29. Nf3 Qxd3 30. Qxd3 Rxd3 31. Bxe5 Kg7 32. Ba1 Bc5 33. b4 Bf8 34. cxb5 Bd5 35. Kg2 Rxb4 36. Rxb4 Bxb4 37. bxc6 bxc6 38. h3 Bc3 0-1

[Event "World Junior U20 Open 2018"]
[Site "Gebze"]
[Date "2018.09.08"]
[Round "5.33"]
[White "Muradli, Mahammad"]
[Black "Pang, Tao"]
[Result "1/2-1/2"]
[ECO "D37"]
[WhiteElo "2407"]
[BlackElo "2290"]
[Annotator "ChessBase"]
[PlyCount "67"]
[EventDate "2018.09.05"]
[EventType "swiss"]
[EventCountry "TUR"]
[SourceTitle "playchess.com"]
[Source "ChessBase"]
[SourceQuality "1"]
[TimeControl "40/5400+30:1800+30"]

1. d4 d5 2. Nf3 Nf6 3. c4 e6 4. Nc3 Nbd7 5. Bf4 dxc4 6. e3 Nb6 7. Bxc4 Nxc4 8. Qa4+ Bd7 9. Qxc4 Bd6 10. Ne5 Nh5 11. O-O Nxf4 12. exf4 O-O 13. Rfe1 Bxe5 14. dxe5 Bc6 15. b4 Bd5 16. Nxd5 Qxd5 17. Qxc7 Rac8 18. Qe7 Rfe8 19. Qh4 Red8 20. h3 Qd2 21. a3 Rd3 22. Qg4 Rxa3 23. Rab1 Ra2 24. Rf1 Rb2 25. f5 Rxb1 26. Rxb1 h5 27. Qe4 Qc2 28. Qxc2 Rxc2 29. Rd1 exf5 30. Rd8+ Kh7 31. Rd7 Kg6 32. Rxb7 Rb2 33. f4 h4 34. Rb5 1/2-1/2

[Event "World Junior U20 Open 2018"]
[Site "Gebze"]
[Date "2018.09.08"]
[Round "5.34"]
[White "Gorshtein, Ido"]
[Black "Tarlabasi, Emirhan"]
[Result "1-0"]
[ECO "D35"]
[WhiteElo "2383"]
[BlackElo "2193"]
[Annotator "NA"]
[PlyCount "65"]
[EventDate "2018.09.05"]
[EventType "swiss"]
[EventCountry "TUR"]
[SourceTitle "playchess.com"]
[Source "ChessBase"]
[SourceQuality "1"]
[TimeControl "40/5400+30:1800+30"]

1. c4 e6 2. Nc3 d5 3. cxd5 exd5 4. d4 Be7 5. Qc2 c6 6. Bf4 Nf6 7. e3 O-O 8. Bd3 Nbd7 9. Nf3 Re8 10. O-O Nf8 11. Rab1 a5 12. h3 Ne6 13. Bh2 g6 14. a3 b6 15. b4 axb4 16. axb4 Bb7 17. Ne5 Nd7 18. Rfd1 Nxe5 19. dxe5 b5 20. Kh1 Qb6 21. f4 Qxe3 22. Re1 Qd4 23. Ne2 Qa7 24. f5 Nf8 25. e6 Bf6 26. exf7+ Kxf7 27. fxg6+ hxg6 28. Nf4 Rxe1+ 29. Rxe1 Qd4 30. Bxg6+ Kg8 31. Bh7+ Nxh7 32. Qg6+ Bg7 33. Qe6+ 1-0

[Event "World Junior U20 Open 2018"]
[Site "Gebze"]
[Date "2018.09.08"]
[Round "5.40"]
[White "Secheres, Adrian-Simion"]
[Black "Lee, Jun Hyeok"]
[Result "0-1"]
[ECO "C42"]
[WhiteElo "2408"]
[BlackElo "2263"]
[Annotator "ChessBase"]
[PlyCount "61"]
[EventDate "2018.09.05"]
[EventType "swiss"]
[EventCountry "TUR"]
[SourceTitle "playchess.com"]
[Source "ChessBase"]
[SourceQuality "1"]
[TimeControl "40/5400+30:1800+30"]

1. e4 e5 2. Nf3 Nf6 3. Nxe5 d6 4. Nf3 Nxe4 5. c4 Nc6 6. d4 d5 7. Nc3 Bb4 8. Qc2 Bg4 9. Be3 O-O 10. Be2 Bf5 11. Qc1 dxc4 12. Bxc4 Nd6 13. Be2 Bg4 14. O-O Nf5 15. d5 Bxf3 16. Bxf3 Ncd4 17. Bd1 Re8 18. Bg5 Qd6 19. Qd2 c5 20. Bh5 Ne7 21. Bf4 Bxc3 22. bxc3 Qxd5 23. Bxf7+ Qxf7 24. cxd4 Rad8 25. Bg5 Rxd4 26. Qa5 Nc6 27. Qb5 a6 28. Qb6 Rb4 29. Qxc5 Rb5 30. Qc1 Nd4 31. Qd1 0-1

[Event "World Junior U20 Open 2018"]
[Site "Gebze"]
[Date "2018.09.08"]
[Round "5.41"]
[White "Garayev, Kanan"]
[Black "Nogerbek, Kazybek"]
[Result "1/2-1/2"]
[ECO "D37"]
[WhiteElo "2404"]
[BlackElo "2261"]
[Annotator "ChessBase"]
[PlyCount "81"]
[EventDate "2018.09.05"]
[EventType "swiss"]
[EventCountry "TUR"]
[SourceTitle "playchess.com"]
[Source "ChessBase"]
[SourceQuality "1"]
[TimeControl "40/5400+30:1800+30"]

1. d4 Nf6 2. c4 e6 3. Nc3 d5 4. Nf3 Be7 5. Bf4 O-O 6. e3 Nbd7 7. Rc1 dxc4 8. Bxc4 a6 9. a4 c5 10. O-O cxd4 11. exd4 Nb6 12. Bd3 Nbd5 13. Bg3 Bd7 14. Ne5 Bc6 15. Nxc6 bxc6 16. Nxd5 Qxd5 17. Qc2 Rfc8 18. Rfd1 h6 19. Be5 Qd7 20. Qe2 Qb7 21. Bc4 Nd7 22. Bg3 Nb6 23. Bd3 Nd5 24. Be5 Bf6 25. Qe4 g6 26. h4 h5 27. Bxf6 Nxf6 28. Qe2 Rd8 29. Bc4 Qb6 30. Qd2 Kg7 31. a5 Qb7 32. b3 Rd6 33. Qe2 Kg8 34. g3 Qd7 35. Bxa6 Qa7 36. Qe5 Ne8 37. Bf1 Qxa5 38. Qxa5 Rxa5 39. Bg2 Ra6 40. Rc4 Nf6 41. Rdc1 1/2-1/2

[Event "World Junior U20 Open 2018"]
[Site "Gebze"]
[Date "2018.09.08"]
[Round "5.43"]
[White "Ozer, Omer Faruk"]
[Black "Silva, David"]
[Result "1-0"]
[ECO "A43"]
[WhiteElo "2388"]
[BlackElo "2223"]
[Annotator "NA"]
[PlyCount "61"]
[EventDate "2018.09.05"]
[EventType "swiss"]
[EventCountry "TUR"]
[SourceTitle "playchess.com"]
[Source "ChessBase"]
[SourceQuality "1"]
[TimeControl "40/5400+30:1800+30"]

1. d4 Nf6 2. Nc3 c5 3. d5 d6 4. e4 g6 5. Bb5+ Bd7 6. a4 Bg7 7. Nf3 O-O 8. Nd2 Na6 9. O-O Nc7 10. Be2 a6 11. f4 b5 12. Bf3 b4 13. Ne2 Bg4 14. Ng3 Bxf3 15. Nxf3 Qd7 16. Qd3 Rfc8 17. Nd2 Rab8 18. Nc4 Ng4 19. Kh1 Bd4 20. Qf3 f5 21. exf5 gxf5 22. Bd2 e6 23. dxe6 Qxe6 24. Nxd6 Nxh2 25. Kxh2 Qxd6 26. Nxf5 Qf6 27. Qh5 Kh8 28. c3 bxc3 29. bxc3 Rf8 30. Nh4 Rb2 31. Rad1 1-0

[Event "World Junior U20 Open 2018"]
[Site "Gebze"]
[Date "2018.09.08"]
[Round "5.45"]
[White "Philippe, Guillaume"]
[Black "De Block, Yordi"]
[Result "1-0"]
[ECO "A02"]
[WhiteElo "2358"]
[BlackElo "2118"]
[Annotator "NA"]
[PlyCount "59"]
[EventDate "2018.09.05"]
[EventType "swiss"]
[EventCountry "TUR"]
[SourceTitle "playchess.com"]
[Source "ChessBase"]
[SourceQuality "1"]
[TimeControl "40/5400+30:1800+30"]

1. f4 Nh6 2. Nf3 d5 3. e3 Bg4 4. Be2 e6 5. O-O Be7 6. d3 Nf5 7. c3 c5 8. Ne5 Bxe2 9. Qxe2 Nc6 10. e4 dxe4 11. dxe4 Nd6 12. Nxc6 bxc6 13. Na3 O-O 14. e5 Nb7 15. Be3 Qb6 16. f5 exf5 17. Rxf5 Nd8 18. Raf1 g6 19. R5f3 Qc7 20. Nc4 Qd7 21. Bh6 Re8 22. e6 Qxe6 23. Re3 Qd7 24. Re1 Ne6 25. Ne5 Qc8 26. Nxf7 Kxf7 27. Rxe6 Qd7 28. Qf1+ Kg8 29. Qc4 Kh8 30. Qe4 1-0

[Event "World Junior U20 Open 2018"]
[Site "Gebze"]
[Date "2018.09.08"]
[Round "5.46"]
[White "Ozgur, Tibet Kagan"]
[Black "Krishna Teja, N."]
[Result "0-1"]
[ECO "A07"]
[WhiteElo "2056"]
[BlackElo "2356"]
[Annotator "NA"]
[PlyCount "96"]
[EventDate "2018.09.05"]
[EventType "swiss"]
[EventCountry "TUR"]
[SourceTitle "playchess.com"]
[Source "ChessBase"]
[SourceQuality "1"]
[TimeControl "40/5400+30:1800+30"]

1. Nf3 Nf6 2. g3 d5 3. Bg2 c6 4. O-O Bf5 5. d3 e6 6. Nbd2 Be7 7. Qe1 h6 8. e4 Bh7 9. Qe2 O-O 10. Re1 a5 11. exd5 $146 {[%emt 0:05:30] A07: Barcza-System (Königsfianchetto mit möglichen Übergängen in andere Systeme)} ({Vorgänger:} 11. a4 Na6 12. Nb3 dxe4 13. dxe4 Bxe4 14. Be3 Nb4 15. Red1 Qc8 16. c3 Nc2 17. Rac1 Nxe3 18. Qxe3 Qc7 {0-1 (39) Hasangatin,R (2505)-Alekseev,E (2636) Sochi 2016}) 11... cxd5 12. a4 Nc6 13. Nb3 Rc8 14. c3 Nd7 15. Nfd4 Nxd4 16. Nxd4 Nc5 17. Rd1 Qd7 18. b3 Bf6 19. Ba3 Rfe8 20. Rab1 Na6 21. Qd2 Bxd4 22. cxd4 Qc7 23. Rdc1 Qb6 24. Rxc8 Rxc8 25. Bf1 Bg6 26. Be2 $17 Nb4 27. Bxb4 Qxb4 28. Qb2 Rc3 29. Kf1 Rxd3 30. Bxd3 Bxd3+ 31. Kg1 Bxb1 32. Qxb1 Qxd4 33. Qc2 b6 34. Qc8+ Kh7 35. Qc2+ g6 36. Qc7 Kg7 37. h4 h5 38. Qc2 e5 39. Qe2 e4 40. Qc2 e3 41. fxe3 Qxe3+ 42. Kh2 d4 43. Qc7 Qf2+ 44. Kh1 Qe1+ 45. Kh2 d3 46. Qxb6 d2 47. Qd4+ Kh7 48. Qd5 Qe2+ 0-1

[Event "World Junior U20 Open 2018"]
[Site "Gebze"]
[Date "2018.09.08"]
[Round "5.47"]
[White "Schekachikhin, Maksim"]
[Black "Aydincelebi, Kagan"]
[Result "1/2-1/2"]
[ECO "D24"]
[WhiteElo "2356"]
[BlackElo "2060"]
[Annotator "NA"]
[PlyCount "142"]
[EventDate "2018.09.05"]
[EventType "swiss"]
[EventCountry "TUR"]
[SourceTitle "playchess.com"]
[Source "ChessBase"]
[SourceQuality "1"]
[TimeControl "40/5400+30:1800+30"]

1. d4 d5 2. Nf3 Nf6 3. c4 dxc4 4. Nc3 a6 5. e4 e6 6. Bxc4 {[%emt 0:04:30] D24: Queen's Gambit Accepted: 3 Nf3 Nf6 4 Nc3} b5 7. Bd3 Bb7 8. Bg5 (8. Qe2 Nbd7 9. O-O c5 10. e5 Nd5 11. Ne4 cxd4 12. Bg5 Qb8 13. a3 h6 {½-½ (92) Esipenko,A (2564)-Mamedyarov,S (2799) Moscow 2017}) 8... Be7 9. O-O Nbd7 10. Rc1 $146 ({Predecessor:} 10. Qe2 h6 11. Bf4 c5 12. Rad1 cxd4 13. Nxd4 Qb6 {½-½ (13) Toth,P (2120)-Neber,Z (2083) Hungary 2002}) 10... h6 11. Bh4 b4 12. Na4 Bxe4 13. Bxe4 Nxe4 14. Bxe7 Qxe7 15. Rxc7 Qd6 16. Rxd7 Qxd7 17. Nb6 Qb7 18. Qa4+ Ke7 19. Nxa8 Rxa8 20. Rc1 a5 21. Ne5 Rc8 22. Rc6 f6 23. Qc2 Nd6 24. Qc5 Rxc6 25. Nxc6+ Kd7 26. Nxa5 Qe4 27. h3 Nf5 28. Qb5+ Kc7 29. Qc5+ Kd7 30. Qa7+ Kc8 31. Qa6+ Kc7 32. Qc4+ Kd7 33. Nb3 Qe1+ 34. Qf1 Qxf1+ 35. Kxf1 Kd6 36. Ke2 Kd5 37. Kd3 Nd6 38. Nc5 $18 e5 39. dxe5 fxe5 40. Na6 e4+ 41. Kc2 Kc4 42. g4 g6 43. Nc7 Nf7 44. b3+ Kc5 45. Kd2 Ng5 46. Na6+ Kd4 47. Nxb4 Nxh3 48. Nc2+ Ke5 49. Ke3 Nf4 50. Nb4 Ng2+ 51. Ke2 Nf4+ 52. Kf1 Kd4 53. Nc6+ Kc5 54. Ne5 Kb4 55. Nc4 h5 56. gxh5 gxh5 57. Nd2 Ka3 58. Nxe4 Kxa2 59. b4 Kb3 60. b5 Nd5 61. Ng3 Kb4 62. Nxh5 Kxb5 63. Ke2 Kc4 64. Kf3 Kd4 65. Kg4 Ke4 66. Ng3+ Ke5 67. Ne2 Nf6+ 68. Kh3 Ne4 69. f4+ Kf5 70. Kh4 Nc3 71. Nxc3 Kxf4 1/2-1/2

[Event "World Junior U20 Open 2018"]
[Site "Gebze"]
[Date "2018.09.08"]
[Round "5.48"]
[White "Sawlin, Leonid"]
[Black "Liyanage, Ranindu Dilshan"]
[Result "1/2-1/2"]
[ECO "B15"]
[WhiteElo "2355"]
[BlackElo "1989"]
[Annotator "NA"]
[PlyCount "69"]
[EventDate "2018.09.05"]
[EventType "swiss"]
[EventCountry "TUR"]
[SourceTitle "playchess.com"]
[Source "ChessBase"]
[SourceQuality "1"]
[TimeControl "40/5400+30:1800+30"]

1. e4 c6 2. d4 d5 3. f3 g6 4. Nc3 Bg7 5. Be3 dxe4 6. fxe4 Nf6 7. Nf3 O-O 8. Qd2 {[%emt 0:11:30] B15: Caro-Kann: 3 Nc3: 3...g6 and 3...dxe4 4 Nxe4 Nf6 5 Nxf6+ exf6} b5 (8... Ng4 9. Bg5 h6 10. Bh4 c5 11. Nd5 Nf6 12. Nxf6+ exf6 13. O-O-O cxd4 14. Nxd4 Qe8 15. Re1 Nc6 {1-0 (51) Saptarshi,R (2476)-Nomin Erdene,D (2356) Backi Petrovac 2018}) 9. e5 Nd5 10. Bh6 Nxc3 11. bxc3 Bf5 $146 ({Predecessor:} 11... Bg4 12. Bd3 b4 13. Bxg7 Kxg7 14. O-O bxc3 15. Qxc3 Bxf3 16. Rxf3 {1-0 (56) Odinaev,T (2267)-Konyshev,A (2290) Kemerovo 2007}) 12. Bxg7 Kxg7 13. Bd3 Bxd3 14. cxd3 Qd5 15. Qe2 Nd7 16. O-O Nb6 17. Rac1 h6 18. c4 Qe6 19. d5 cxd5 20. Nd4 Qc8 21. cxb5 Qb7 $18 22. Rf3 e6 23. Qe3 Qe7 24. Rf6 Rac8 25. Rcf1 Nd7 26. h4 Qc5 27. Rxf7+ Rxf7 28. Nxe6+ Kg8 29. Nxc5 Nxc5 30. Rc1 Rfc7 31. Qxh6 Kf7 32. d4 Ne6 33. Qh7+ Ng7 34. Rf1+ Ke8 35. Qg8+ 1/2-1/2

[Event "World Junior U20 Open 2018"]
[Site "Gebze"]
[Date "2018.09.08"]
[Round "5.49"]
[White "Wadsworth, Matthew J"]
[Black "Kilic, Gokturk Kagan"]
[Result "1-0"]
[ECO "D77"]
[WhiteElo "2351"]
[BlackElo "1910"]
[Annotator "NA"]
[PlyCount "79"]
[EventDate "2018.09.05"]
[EventType "swiss"]
[EventCountry "TUR"]
[SourceTitle "playchess.com"]
[Source "ChessBase"]
[SourceQuality "1"]
[TimeControl "40/5400+30:1800+30"]

1. Nf3 Nf6 2. g3 g6 3. Bg2 Bg7 4. O-O O-O 5. c4 e6 6. Nc3 d5 7. d4 Nbd7 8. b3 {[%emt 0:03:30] D77: Fianchetto Grünfeld: 6 0-0: Replies other than 6...c6} b6 9. Ba3 $146 ({Predecessor:} 9. cxd5 exd5 10. Bb2 Bb7 11. e3 Re8 12. Rc1 Ne4 13. Qc2 Nxc3 14. Bxc3 a5 15. Rfd1 Nf6 {1-0 (73) Eljanov,P (2717)-Grandelius,N (2647) Berlin 2015}) 9... Re8 10. Nd2 Bb7 11. Rc1 a6 12. e4 dxe4 13. Ndxe4 Nxe4 14. Nxe4 Rb8 15. d5 Nf6 16. Nxf6+ Qxf6 17. Qd3 Rbd8 18. Rfd1 a5 19. Rc2 Bc8 20. Bb2 Qe7 21. Bxg7 Kxg7 22. Re2 Qf6 23. Rde1 Rd6 24. Qc2 $11 Red8 25. h4 Bb7 26. dxe6 Bxg2 27. Kxg2 fxe6 28. Qe4 Rf8 29. Qe3 h5 30. Rd2 Rfd8 31. Rxd6 Rxd6 32. c5 Rc6 33. cxb6 cxb6 34. Rd1 Rc3 35. Rd7+ Kg8 36. Qe4 Rc8 37. Rd6 Re8 38. Rxb6 Qf5 39. Qxf5 gxf5 40. Ra6 1-0

[Event "World Junior U20 Open 2018"]
[Site "Gebze"]
[Date "2018.09.08"]
[Round "5.50"]
[White "Nyambileg, Erdene-Ochir"]
[Black "Shailesh, Dravid"]
[Result "1/2-1/2"]
[ECO "A50"]
[WhiteElo "1798"]
[BlackElo "2325"]
[Annotator "NA"]
[PlyCount "102"]
[EventDate "2018.09.05"]
[EventType "swiss"]
[EventCountry "TUR"]
[SourceTitle "playchess.com"]
[Source "ChessBase"]
[SourceQuality "1"]
[TimeControl "40/5400+30:1800+30"]

1. d4 Nf6 2. c4 g6 3. Nc3 Bg7 4. Nf3 O-O 5. g3 b6 6. Bg2 Bb7 7. O-O Ne4 8. Qc2 Nxc3 9. bxc3 Nc6 {[%emt 0:01:30] A50: Queen's Fianchetto Defence (1 d4 Nf6 2 c4 b6)} 10. Rd1 d6 $146 ({Predecessor:} 10... Na5 11. c5 d6 12. Rb1 dxc5 13. e4 cxd4 14. cxd4 Qd7 15. Bf4 Qc6 16. Qxc6 Bxc6 17. d5 {0-1 (31) Molner,M (2493)-Ipatov,A (2625) Saint Louis 2013}) 11. Bb2 Qc8 12. c5 Na5 13. Qa4 Bc6 14. Qb4 Qa6 15. cxd6 cxd6 16. Bf1 Bb5 17. Re1 Rac8 18. a4 Bc4 19. Nd2 Bh6 20. Nxc4 Nxc4 21. e4 Rc7 22. e5 d5 23. e6 f6 24. a5 b5 25. Bxc4 bxc4 26. Re2 Rfc8 27. Ba3 Rb7 28. Qa4 Qc6 29. Qxc6 Rxc6 30. Bb4 Kf8 31. Kg2 Ke8 32. f4 f5 33. Raa2 Bg7 34. Rab2 a6 35. Bc5 Rxb2 36. Rxb2 Rxe6 37. Kf2 Bf6 38. Rb8+ Kf7 39. Rd8 g5 40. Rxd5 gxf4 41. Rxf5 fxg3+ 42. hxg3 Kg6 {[%emt 0:01:30] [#]} 43. Rd5 $14 Bg5 44. Bb4 Bd2 45. Rc5 Be1+ 46. Kf3 Rf6+ 47. Kg4 Re6 48. Rxc4 h5+ 49. Kh3 Re3 50. Rc6+ Kf5 51. Rc5+ Kg6 1/2-1/2

[Event "World Junior U20 Open 2018"]
[Site "Gebze"]
[Date "2018.09.08"]
[Round "5.55"]
[White "Yaran, Siar"]
[Black "Nikolovski, Nikola"]
[Result "0-1"]
[ECO "B50"]
[WhiteElo "2271"]
[BlackElo "2388"]
[Annotator "NA"]
[PlyCount "74"]
[EventDate "2018.09.05"]
[EventType "swiss"]
[EventCountry "TUR"]
[SourceTitle "playchess.com"]
[Source "ChessBase"]
[SourceQuality "1"]
[TimeControl "40/5400+30:1800+30"]

1. e4 c5 2. Nf3 d6 3. c3 Nf6 4. Be2 Nbd7 5. d3 b6 6. O-O Bb7 7. Nbd2 g6 8. Re1 Bg7 9. Bf1 O-O 10. a3 Qc7 11. b3 e5 12. Bb2 d5 13. Qc2 Rae8 14. Rac1 Nh5 15. exd5 Bxd5 16. d4 Bc6 17. b4 Re7 18. dxc5 bxc5 19. Ne4 Kh8 20. Nfd2 f5 21. Nxc5 Nxc5 22. bxc5 Nf4 23. Nc4 Ba8 24. a4 Qc6 25. Ne3 Nh3+ 26. Kh1 f4 27. Nd1 e4 28. c4 e3 29. Bxg7+ Kxg7 30. fxe3 fxe3 31. Nxe3 Nf2+ 32. Kg1 Nh3+ 33. Kh1 Nf2+ 34. Kg1 Qxc5 35. Qc3+ Kg8 36. Rc2 Ng4 37. Rce2 Rfe8 0-1

[Event "World Junior U20 Open 2018"]
[Site "Gebze"]
[Date "2018.09.08"]
[Round "5.56"]
[White "Petkov, Momchil"]
[Black "Macovei, Andrei"]
[Result "0-1"]
[ECO "E61"]
[WhiteElo "2163"]
[BlackElo "2385"]
[Annotator "NA"]
[PlyCount "76"]
[EventDate "2018.09.05"]
[EventType "swiss"]
[EventCountry "TUR"]
[SourceTitle "playchess.com"]
[Source "ChessBase"]
[SourceQuality "1"]
[TimeControl "40/5400+30:1800+30"]

1. d4 Nf6 2. Bf4 g6 3. e3 Bg7 4. Nf3 d6 5. h3 O-O 6. Be2 b6 7. O-O Bb7 8. c4 Nbd7 9. Nc3 Re8 10. Bh2 e5 11. a4 a5 12. Nb5 Ne4 13. Rc1 f5 14. Qb3 Kh8 15. Rfe1 Nb8 16. c5 Na6 17. cxd6 cxd6 18. Nc7 Nxc7 19. Qxb6 Ne6 20. Qxb7 exd4 21. exd4 Nxd4 22. Nxd4 Bxd4 23. Rc7 Qh4 24. Rd1 Bxf2+ 25. Kh1 Rab8 26. Qd5 Bb6 27. Bg1 Ng3+ 28. Kh2 Bxg1+ 29. Rxg1 Qf4 30. Rd1 Nxe2+ 31. Kh1 Ng3+ 32. Kh2 Ne4+ 33. Kg1 Rxb2 34. Qd4+ Qe5 35. Qa7 Rxg2+ 36. Kxg2 Qg3+ 37. Kf1 Nd2+ 38. Rxd2 Re1# 0-1

[Event "World Junior U20 Open 2018"]
[Site "Gebze"]
[Date "2018.09.08"]
[Round "5.57"]
[White "Murphy, Conor E"]
[Black "Eren, Ataberk"]
[Result "1-0"]
[ECO "C11"]
[WhiteElo "2357"]
[BlackElo "2180"]
[Annotator "NA"]
[PlyCount "90"]
[EventDate "2018.09.05"]
[EventType "swiss"]
[EventCountry "TUR"]
[SourceTitle "playchess.com"]
[Source "ChessBase"]
[SourceQuality "1"]
[TimeControl "40/5400+30:1800+30"]

1. e4 e6 2. d4 d5 3. Nc3 Nf6 4. e5 Nfd7 5. f4 c5 6. Nf3 Nc6 7. Be3 Be7 8. Qd2 O-O 9. dxc5 Bxc5 {[%emt 0:01:00] C11: French: Classical System: 4 e5 and 4 Bg5 dxe4} (9... Qa5 10. a3 Bxc5 11. O-O-O Rd8 12. Bxc5 Nxc5 13. h4 Bd7 14. h5 h6 15. g4 Be8 16. Qe3 d4 17. Nxd4 Nxd4 18. Rxd4 {½-½ (26) Inarkiev,E (2689)-Volkov,S (2645) St Petersburg 2017}) 10. O-O-O a6 11. Bxc5 Nxc5 12. Kb1 f5 $146 ({Predecessor:} 12... b5 13. Nd4 Qb6 14. Nxc6 Qxc6 15. Qd4 Rb8 16. Bd3 b4 17. Ne2 {1-0 (57) Perez,M (2406)-Carraro,D (2128) Buenos Aires 2017}) 13. exf6 Qxf6 14. g3 Rd8 15. Nd4 Bd7 16. Bg2 Be8 17. Qe3 Nxd4 18. Rxd4 Rac8 19. f5 Qxf5 $16 20. Rf1 Qg6 21. Nxd5 exd5 22. Bxd5+ Rxd5 23. Rxd5 Ne4 24. Rdf5 Bd7 25. Qxe4 Re8 26. b3 Bxf5 27. Qxf5 Re1+ 28. Kb2 Rxf1 29. Qxf1 h5 30. Qc4+ Kh8 31. Qc8+ Kh7 32. Qxb7 Qf6+ 33. Ka3 Qe5 34. Qf3 a5 35. Qd3+ g6 36. Qd7+ Kh6 37. Qd2+ g5 38. c4 Qc5+ 39. Ka4 Kg6 40. a3 g4 41. Qd3+ Kh6 42. Qd5 Qf2 43. c5 Qxh2 44. Qd6+ Kg7 45. c6 Qe2 1-0

[Event "World Junior U20 Open 2018"]
[Site "Gebze"]
[Date "2018.09.08"]
[Round "5.58"]
[White "Piyumantha, M Sasith Nipun"]
[Black "Bashirli, Nail"]
[Result "0-1"]
[ECO "D36"]
[WhiteElo "2139"]
[BlackElo "2354"]
[Annotator "NA"]
[PlyCount "78"]
[EventDate "2018.09.05"]
[EventType "swiss"]
[EventCountry "TUR"]
[SourceTitle "playchess.com"]
[Source "ChessBase"]
[SourceQuality "1"]
[TimeControl "40/5400+30:1800+30"]

1. d4 Nf6 2. c4 e6 3. Nf3 d5 4. cxd5 exd5 5. Bg5 Nbd7 6. Nc3 Be7 7. e3 c6 8. Bd3 O-O 9. Qc2 Re8 10. O-O Nf8 11. h3 g6 12. Rab1 Ne6 13. Bxf6 Bxf6 14. b4 {[%emt 0:00:30] D36: Damengambit (Abtauschvariante)} a5 15. a3 axb4 16. axb4 b5 17. Ra1 Bd7 18. Rxa8 Qxa8 19. Qb2 Ng5 $146 ({Vorgänger:} 19... Qb7 20. Ra1 {½-½ (59) Wiley,T (2318)-Hammes,M (2390) Belgium 2007}) 20. Nxg5 Bxg5 21. Ra1 Qb8 22. Ne2 Be7 23. Qc3 Qb7 24. Qa3 Qc7 25. Qc3 Qd6 26. Ra7 Rd8 27. Qc5 Kf8 28. Ra1 Qf6 29. Qc3 Bd6 30. Bc2 Qe7 31. Rb1 Qg5 32. Kf1 Re8 33. Nc1 Re6 34. Nd3 Rf6 35. Ne5 Bf5 36. Nf3 $11 ({Natürlich nicht} 36. Nxc6 Bxc2 37. Qxc2 Qxe3 $15) 36... Qh5 37. Bxf5 Qxf5 38. Ra1 Kg7 39. Qxc6 Qd3+ 0-1

[Event "World Junior U20 Open 2018"]
[Site "Gebze"]
[Date "2018.09.08"]
[Round "5.59"]
[White "Gulden, Egemen"]
[Black "Murzin, Volodar"]
[Result "0-1"]
[ECO "B13"]
[WhiteElo "2068"]
[BlackElo "2349"]
[Annotator "NA"]
[PlyCount "76"]
[EventDate "2018.09.05"]
[EventType "swiss"]
[EventCountry "TUR"]
[SourceTitle "playchess.com"]
[Source "ChessBase"]
[SourceQuality "1"]
[TimeControl "40/5400+30:1800+30"]

1. e4 c6 2. d4 d5 3. exd5 cxd5 4. Bd3 g6 5. c3 Bf5 6. Bxf5 gxf5 7. Bf4 Nc6 8. Nf3 Bg7 9. Nbd2 e6 10. Qe2 Nge7 11. Qe3 h5 12. Ne5 Nxe5 13. dxe5 Qb6 14. Qxb6 axb6 15. Nf3 Ng6 16. Be3 Nxe5 17. Nxe5 Bxe5 18. Bxb6 Kd7 19. a4 Ra6 20. a5 Rha8 21. Rd1 Bc7 22. Bxc7 Kxc7 23. b4 b6 24. axb6+ Kxb6 25. h4 Ra1 26. Ke2 R1a2+ 27. Ke3 R8a3 28. Rd3 e5 29. g3 d4+ 30. cxd4 f4+ 31. gxf4 exf4+ 32. Kxf4 Rxd3 33. Ke4 Rad2 34. f4 Rxd4+ 35. Kf5 Rd5+ 36. Kf6 Rf2 37. Kxf7 Rd6 38. Ke7 Rh6 0-1

[Event "World Junior U20 Open 2018"]
[Site "Gebze"]
[Date "2018.09.08"]
[Round "5.60"]
[White "Gunduz, Umut Erdem"]
[Black "Pigeat, Alexandre"]
[Result "1-0"]
[ECO "C07"]
[WhiteElo "2119"]
[BlackElo "2347"]
[Annotator "NA"]
[PlyCount "80"]
[EventDate "2018.09.05"]
[EventType "swiss"]
[EventCountry "TUR"]
[SourceTitle "playchess.com"]
[Source "ChessBase"]
[SourceQuality "1"]
[TimeControl "40/5400+30:1800+30"]

1. e4 e6 2. d4 d5 3. Nd2 c5 4. exd5 Qxd5 5. Ngf3 cxd4 6. Bc4 Qd7 7. O-O a6 8. Re1 Nc6 9. Nb3 Bb4 10. Bd2 Bd6 11. c3 Nf6 12. cxd4 O-O 13. Rc1 Ne7 14. Ne5 Qd8 15. Re3 Nf5 16. Rh3 Nxd4 17. Ba5 b6 18. Qxd4 bxa5 19. Bd3 Bxe5 20. Qxe5 g6 21. Nxa5 Bd7 22. b4 Ng4 23. Qe2 Qg5 24. f4 Qd5 25. Qxg4 Qd4+ 26. Kh1 e5 27. Qh4 Bxh3 28. Qxh3 Qxf4 29. Rb1 e4 30. Rf1 Qd2 31. Bxe4 Rae8 32. Nb3 Qxb4 33. Bd5 Re5 34. Qd3 a5 35. Nd2 Kg7 36. Nf3 Rf5 37. Be4 Rf4 38. Bd5 Rd8 39. Qb3 Qc5 40. Qb2+ f6 1-0